Map: Catalyst LE

Players

Poizon

  • Race: Protoss Protoss
  • Spawn Location: 11:00

Clem - Winner!

  • Race: Terran Terran
  • Spawn Location: 5:00

Event: WCS Austin 2018

VOD

Have the link to the VOD?

Description

Time

  • Played on: June 1, 2018, 4:16 p.m.
  • Length: 8:22

All games in this series

Show
View Real Time Build Order
Export as new Build Order

Poizon Protoss 

Build Orders: 1 Gate Expand 

Get SALT Encoding   

  12  0:00  Probe  
  13  0:12  Probe  
  14  0:19  Pylon  
  14  0:25  Probe  
  15  0:38  Probe  
  15  0:39  Gateway  
  16  0:44  Assimilator  
  16  0:50  Probe  
  17  1:02  Probe  
  18  1:20  Nexus  
  18  1:27  Probe  
  19  1:39  Probe  
  20  1:44  Cybernetics Core  
  20  1:47  Assimilator  
  20  1:51  Probe  
  21  2:03  Probe  
  21  2:04  Pylon  
  22  2:10  Warp Gate  
  22  2:13  Adept  
  22  2:15  Probe  
  25  2:28  Probe  
  25  2:29  Gateway  
  25  2:40  Probe  
  25  2:41  Adept  
  24  2:49  Probe  
  27  3:06  Probe  
  27  3:09  Probe  
  29  3:18  Probe  
  30  3:21  Probe  
  30  3:26  Pylon  
  31  3:33  Twilight Council  
  31  3:35  Gateway  
  31  3:40  Robotics Facility  
  30  3:52  Probe  
  30  3:55  Probe  
  32  4:05  Gateway  
  32  4:08  Gateway  
  32  4:09  Probe  
  33  4:10  Pylon  
  33  4:15  Sentry, Probe  
  36  4:17  Sentry  
  36  4:21  Immortal, Probe  
  36  4:23  Resonating Glaives  
  39  4:27  Probe  
  44  4:33  Probe  
  45  4:46  Shield Battery, Probe  
  45  4:52  Adept  
  48  4:55  Observer, Probe  
  48  4:59  Adept x2  
  54  5:08  Probe  
  54  5:09  Assimilator  
  55  5:14  Assimilator  
  55  5:16  Pylon  
  55  5:19  Immortal  
  55  5:20  Adept x2  
  55  5:36  Shield Battery  
  55  5:40  Probe  
  55  5:41  Adept  
  59  5:42  Probe  
  59  5:52  Probe  
  60  5:57  Adept x3  
  60  5:58  Sentry  
  68  6:18  Forge  
  68  6:20  Probe  
  68  6:22  Forge  
  68  6:25  Pylon  
  69  6:46  Nexus  
  69  6:48  Pylon  
  69  6:49  Pylon  
  69  6:50  Probe x2  
  69  6:51  Robotics Bay  
  71  6:56  Stalker  
  71  6:57  Sentry  
  71  6:59  Sentry  
  77  7:03  Pylon  
  77  7:08  Probe  
  78  7:09  Probe  
  79  7:20  Probe  
  79  7:21  Probe  
  81  7:31  Stalker x3  
  87  7:46  Probe  
  72  8:04  Adept  
  72  8:05  Adept  
  58  8:12  Adept x3  
Show
View Real Time Build Order
Export as new Build Order

Clem Terran - Winner!

Build Orders: Reaper Expand, MMM Bio 

Get SALT Encoding   

  12  0:00  SCV  
  13  0:12  SCV  
  14  0:17  Supply Depot  
  14  0:24  SCV  
  15  0:38  SCV  
  15  0:40  Barracks  
  16  0:44  Refinery  
  16  0:50  SCV  
  17  1:02  SCV  
  18  1:15  SCV  
  19  1:28  Orbital Command, Reaper  
  20  1:43  Command Center  
  20  1:52  Barracks  
  20  1:57  SCV  
  21  2:01  Barracks Reactor  
  21  2:07  Supply Depot  
  21  2:10  SCV  
  22  2:19  Barracks  
  23  2:22  SCV  
  23  2:35  Engineering Bay, SCV  
  24  2:41  Barracks Tech Lab  
  24  2:43  Marine x2  
  26  2:47  SCV  
  27  2:56  Orbital Command  
  27  2:59  Marine, SCV  
  27  3:01  Marine  
  30  3:06  Stimpack  
  30  3:07  Marine  
  30  3:12  Terran Infantry Weapons Level 1  
  31  3:14  Marine  
  31  3:16  Marine  
  31  3:18  SCV  
  34  3:21  Marine  
  34  3:23  SCV  
  36  3:28  Marine  
  36  3:32  Marine  
  36  3:33  Supply Depot  
  38  3:37  Marine, Missile Turret  
  38  3:40  SCV  
  38  3:41  SCV  
  41  3:49  Marine x2  
  41  3:51  Barracks Tech Lab  
  41  3:54  SCV  
  41  3:55  Marauder, SCV  
  46  4:06  SCV  
  46  4:07  Marine x2, SCV  
  46  4:08  Combat Shields  
  50  4:12  Marauder  
  50  4:15  Supply Depot  
  52  4:18  Missile Turret  
  52  4:21  Marauder  
  54  4:26  Refinery  
  54  4:27  Refinery  
  54  4:36  Marine x2, SCV  
  54  4:37  SCV  
  58  4:39  Marauder  
  58  4:41  Supply Depot  
  58  4:43  Marauder  
  62  4:54  Supply Depot  
  62  5:01  Factory  
  62  5:03  Marine x2, SCV x2  
  62  5:05  Supply Depot  
  66  5:10  Marauder x2  
  68  5:15  SCV x2  
  68  5:21  Marine x2  
  63  5:25  Refinery  
  63  5:26  Terran Infantry Armor Level 1  
  63  5:27  SCV  
  64  5:33  Marauder x2  
  68  5:37  Barracks  
  68  5:38  Marine x2  
  68  5:41  SCV  
  68  5:42  Barracks, SCV  
  72  5:47  Starport  
  72  5:49  Factory Reactor  
  72  5:55  Marauder  
  74  5:57  Supply Depot, SCV  
  74  5:59  Marine  
  74  6:00  Marine  
  74  6:02  SCV  
  78  6:09  SCV  
  77  6:12  Bunker, Supply Depot  
  77  6:14  SCV  
  77  6:17  Marine x2  
  72  6:18  Bunker  
  72  6:31  Marauder x2, Barracks Reactor, Barracks Tech Lab  
  72  6:32  Factory Reactor  
  76  6:35  Marine x2  
  76  6:36  Medivac  
  76  6:37  Medivac  
  81  6:46  Supply Depot  
  81  6:50  Supply Depot  
  81  6:52  Marauder x2  
  81  6:53  Marine x2  
  87  6:55  Marauder  
  87  6:58  Supply Depot  
  89  7:07  Supply Depot  
  89  7:09  Widow Mine x2  
  89  7:10  Medivac  
  89  7:11  Marine x2  
  89  7:13  Medivac  
  89  7:15  Marine x2  
  102  7:18  Marauder x2  
  102  7:20  Marauder  
  107  7:27  Supply Depot  
  107  7:29  Supply Depot  
  107  7:32  Marine x2  
  107  7:33  Marine x2  
  107  7:36  Widow Mine  
  115  7:37  Widow Mine  
  115  7:41  Marauder  
  117  7:49  Marauder  
  113  7:58  Widow Mine  
Tags
 
Add a new tag
Caveats
  • Supply blocks, unpowered buildings, or Contaminate may cause inaccurate times.
  • Supply counts are checked every 10 seconds.